 Dungeon Crawl Stone Soup version 0.24.0-125-gc4c63601f3 (webtiles) character file.

Game seed: 12457295294945226984, levelgen mode: deterministic

4747 Amplified the Spear-Bearer (level 10, 0/85 HPs)
             Began as a Merfolk Berserker on Feb 19, 2020.
             Was a High Priest of Trog.
             Slain by a troll (11 damage)
             ... on level 9 of the Dungeon.
             The game lasted 00:11:31 (5963 turns).

Amplified the Spear-Bearer (Merfolk Berserker)      Turns: 5963, Time: 00:11:32

Health: 0/85       AC:  9    Str: 19    XL:     10   Next: 46%
Magic:  15/15      EV: 15    Int:  8    God:    Trog [*****.]
Gold:   446        SH:  0    Dex: 16    Spells: 9/9 levels left

rFire    . . .     SeeInvis .   G - +2 trident (venom)
rCold    . . .     Gourm    .   (no shield)
rNeg     . . .     Faith    .   f - +0 ring mail
rPois    .         Spirit   .   (helmet restricted)
rElec    .         Reflect  .   a - +1 cloak
rCorr    .         Harm     .   (no gloves)
MR       .....                  (no boots)
Stlth    +.........             (no amulet)
HPRegen  0.24/turn              (no ring)
MPRegen  0.14/turn              (no ring)

@: berserk cooldown, slowed, very slow
A: change form in water, swift swim, stealthy swim, horns 1, thin metallic
scales 1, clever 1, wild magic 1
a: Berserk, Trog's Hand, Brothers in Arms, Renounce Religion


You were on level 9 of the Dungeon.
You worshipped Trog.
Trog was extremely pleased with you.
You were near starving.

You visited 1 branch of the dungeon, and saw 9 of its levels.
You also visited: Sewer and Ossuary.

You collected 446 gold pieces.

Inventory:

Hand Weapons
 D - the +3 mace of the Pyrrhic Victory {crush, *Drain +Inv rElec, unknown}
   (You found it on level 6 of the Dungeon)

   It inflicts extra damage upon your enemies.
   It insulates you from electricity.
   It lets you turn invisible.
   It causes draining when unequipped.
 G - a +2 trident of venom (weapon)
Missiles
 q - 8 poisoned darts (quivered)
Armour
 a - a +1 cloak (worn)
 f - a +0 ring mail (worn)
 p - a +2 helmet
Wands
 g - a wand of paralysis (6)
 i - a wand of scattershot (7)
 v - a wand of acid (4)
 x - a wand of flame (9)
Scrolls
 b - 4 scrolls of remove curse
 n - a scroll of fear
 s - 3 scrolls of enchant weapon {unknown}
 t - 3 scrolls of immolation {unknown}
 u - 10 scrolls of teleportation
 w - a scroll of torment {unknown}
 z - 3 scrolls of random uselessness {unknown}
 A - 2 scrolls of noise {unknown}
Potions
 d - 2 potions of lignification
 e - a potion of magic
 h - 4 potions of mutation
 j - 4 potions of curing
 k - a potion of flight
 l - 3 potions of resistance
 m - a potion of ambrosia
 o - 3 potions of heal wounds
 C - 2 potions of cancellation {unknown}
 F - 2 potions of might
Comestibles
 c - 13 rations


   Skills:
 * Level 9.8 Fighting
 * Level 12.3 Polearms
 * Level 2.9 Armour
 * Level 6.2 Dodging
 * Level 7.3 Evocations


You had 9 spell levels left.
You didn't know any spells.
Your spell library was empty.

Dungeon Overview and Level Annotations

Branches:
Dungeon (9/15)             Temple (0/1) D:5           Sewer (visited)
Ossuary (visited)
   Lair: D:8-11         Orc: D:9-12

Altars:
Qazlal
Uskayaw
Xom
The Shining One

Shops:
D:5 %   D:6 %

Annotations:
D:4 2 transporters, kuilvaprogi's ghost, amateur HuFi
D:7 3 runed translucent doors, Ununsept's ghost, novice GnSk


Innate Abilities, Weirdness & Mutations

You revert to your normal form in water.
You are very nimble and swift while swimming.
You are very stealthy in the water. (Stealth+)
You have a pair of small horns on your head.
You are partially covered in thin metallic scales. (AC +2)
Your mind is acute. (Int +2)
Your spells are a little harder to cast, but a little more powerful.


Message History

Evoke which item? (* to show all) (? for menu, Esc to quit)
Aiming: Paralyse
Press: ? - help, Shift-Dir - straight line, f/p - troll
Aim: a troll (black smoke, moderately wounded, poisoned, chance to defeat MR: 67%)
The troll struggles to resist.
The troll bites you!
* * * LOW HITPOINT WARNING * * *
The troll claws you but does no damage. x2
Unknown command.
You feel much better. The troll barely misses you. The troll claws you! x2
* * * LOW HITPOINT WARNING * * *
The troll bites you!
* * * LOW HITPOINT WARNING * * *
The troll claws you.
* * * LOW HITPOINT WARNING * * *
The troll completely misses you.
Unknown command.
As you read the scroll of fear, it crumbles to dust.
You assume a fearsome visage.
The troll resists with some effort.
The troll bites you!
You die...

#
#.##############
#.......§.......
#.#...#§§.#...#.
#...§.§.T.......
##.§§#)@.#...#
#..§§§§)§......
###############


You could see a troll.

Vanquished Creatures
  A centaur warrior (D:9)
  Prince Ribbit (D:6)
  A hippogriff (D:7)
  Sigmund (D:3)
  Eustachio (D:6)
  A hungry ghost (D:8)
  2 ice beasts (D:7)
  Purgy (Sewer)
  2 sky beasts
  An eye of draining (D:9)
  3 orc warriors
  3 ogres
  A centaur (D:7)
  A phantom (D:7)
  2 bullfrogs
  A gnoll sergeant (D:7)
  A scorpion (D:6)
  A howler monkey (D:6)
  3 wights (D:7)
  2 crimson imps
  A centaur zombie (Ossuary)
  A centaur skeleton (D:4)
  A bullfrog skeleton (D:6)
  8 orc priests
  5 hounds
  3 jellies
  Jessica (D:3)
  4 iguanas
  Ijyb (D:3)
  11 orc wizards
  6 worker ants
  A big kobold zombie (Ossuary)
  A hound skeleton (D:7)
  4 mummies (Ossuary)
  Robin (D:3)
  6 gnolls
  15 adders
  2 shadow imps
  An adder skeleton (D:4)
  A worm (D:4)
  A dart slug (D:3)
  2 leopard geckos
  32 orcs
  7 giant cockroaches
  14 goblins
  14 jackals
  8 kobolds
  3 quokkas
  2 ball pythons
  3 bats
  4 frilled lizards
  A giant cockroach zombie (D:3)
  2 goblin zombies (Ossuary)
  2 hobgoblin zombies (Ossuary)
  2 kobold zombies (Ossuary)
  A leopard gecko zombie (D:5)
  2 quokka skeletons
  8 rats
212 creatures vanquished.

Vanquished Creatures (others)
  3 fungi (D:7)
3 creatures vanquished.

Grand Total: 215 creatures vanquished

Notes
Turn   | Place    | Note
-------+----------+-------------------------------------------
     0 | D:1      | Amplified the Merfolk Berserker began the quest for the
                  | Orb.
     0 | D:1      | Reached XP level 1. HP: 18/18 MP: 1/1
   321 | D:1      | Reached XP level 2. HP: 24/24 MP: 2/2
   836 | D:2      | Reached XP level 3. HP: 30/30 MP: 3/3
   897 | D:2      | Reached ** piety under Trog
   961 | D:2      | Reached skill level 5 in Polearms
  1460 | D:3      | Noticed Jessica
  1467 | D:3      | Killed Jessica
  1467 | D:3      | Reached XP level 4. HP: 37/37 MP: 4/4
  1478 | D:3      | Noticed Robin
  1499 | D:3      | Killed Robin
  1534 | D:3      | Noticed a bullfrog
  1549 | D:3      | Killed a bullfrog
  1549 | D:3      | Reached XP level 5. HP: 35/42 MP: 5/5
  1911 | D:3      | Noticed Ijyb
  1912 | D:3      | Paralysed by Ijyb for 6 turns
  1929 | D:3      | Killed Ijyb
  1929 | D:3      | Reached skill level 6 in Polearms
  1978 | D:3      | Reached *** piety under Trog
  2262 | D:3      | Reached XP level 6. HP: 48/49 MP: 6/6
  2310 | D:4      | Noticed Sigmund
  2324 | D:3      | Killed Sigmund
  2324 | D:3      | Reached skill level 5 in Fighting
  2324 | D:3      | Reached skill level 1 in Evocations
  2395 | D:4      | Reached XP level 7. HP: 50/56 MP: 8/8
  2439 | D:4      | Noticed kuilvaprogi's ghost (amateur HuFi)
  2440 | D:4      | Found a transporter.
  2482 | D:4      | Reached skill level 7 in Polearms
  2878 | D:4      | Found a transporter.
  3127 | D:5      | Entered Level 5 of the Dungeon
  3174 | D:5      | Reached **** piety under Trog
  3186 | D:5      | Reached skill level 8 in Polearms
  3196 | D:5      | Reached XP level 8. HP: 63/64 MP: 10/10
  3264 | D:5      | Found a glowing drain.
  3294 | Sewer    | Entered a sewer
  3376 | Sewer    | Noticed Purgy
  3384 | Sewer    | Killed Purgy
  3670 | D:5      | Reached skill level 9 in Polearms
  3853 | D:5      | Gained mutation: You have a pair of small horns on your
                  | head. [potion of mutation]
  3853 | D:5      | Gained mutation: You are frail. (-10% HP) [potion of
                  | mutation]
  3853 | D:5      | Gained mutation: You are agile. (Dex +2) [potion of
                  | mutation]
  3854 | D:5      | Lost mutation: You are frail. (-10% HP) [potion of
                  | mutation]
  3854 | D:5      | Gained mutation: Your mind is acute. (Int +2) [potion of
                  | mutation]
  3854 | D:5      | Lost mutation: You are agile. (Dex +2) [potion of mutation]
  3854 | D:5      | Gained mutation: Your spells are a little harder to cast,
                  | but a little more powerful. [potion of mutation]
  3854 | D:5      | Gained mutation: You are partially covered in thin metallic
                  | scales. (AC +2) [potion of mutation]
  4000 | D:5      | Found a staircase to the Ecumenical Temple.
  4035 | D:5      | Found a glowing golden altar of the Shining One.
  4346 | D:6      | Noticed Prince Ribbit
  4406 | D:6      | Found Veusi's Food Boutique.
  4412 | D:6      | Reached skill level 5 in Evocations
  4436 | D:5      | Reached XP level 9. HP: 44/72 MP: 12/12
  4464 | D:6      | Found a hide-covered altar of Uskayaw.
  4464 | D:6      | Noticed Eustachio
  4476 | D:6      | Reached skill level 10 in Polearms
  4482 | D:6      | Killed Prince Ribbit
  4495 | D:6      | Reached ***** piety under Trog
  4521 | D:6      | Killed Eustachio
  4547 | D:6      | Found a sand-covered staircase.
  4561 | Ossuary  | Entered an ossuary
  4963 | D:6      | Got an ichor-stained mace
  4998 | D:6      | Found a shimmering altar of Xom.
  5155 | D:7      | Reached skill level 11 in Polearms
  5365 | D:7      | Reached XP level 10. HP: 67/83 MP: 15/15
  5380 | D:7      | Reached skill level 5 in Dodging
  5605 | D:7      | Reached skill level 12 in Polearms
  5633 | D:7      | Found a stormy altar of Qazlal.
  5684 | D:7      | Found a runed translucent gate.
  5685 | D:7      | Found a runed translucent gate.
  5685 | D:7      | Identified the cursed +0 short sword "Wosest" {venom, rElec
                  | rF++ rC- rN+}
  5685 | D:7      | Noticed Ununsept's ghost (novice GnSk)
  5686 | D:7      | Found a runed translucent gate.
  5689 | D:7      | Noticed a kobold demonologist
  5934 | D:9      | Noticed a centaur warrior
  5944 | D:9      | Killed a centaur warrior
  5963 | D:9      | Slain by a troll

Levels and vault maps discovered:
D:1:      beargit_arrival_greenhouse, layout_loops_ring, minmay_quantized
D:2:      layout_basic
D:3:      layout_basic, first_ration, uniq_jessica, uniq_robin, uniq_ijyb
D:4:      layout_cave_pools, gammafunk_ghost_arena, guppyfry_early_lair_pool,
          uniq_sigmund
D:5:      layout_gridville, overflow_temple_1_default, temple_statues,
          gup_sewer_entry_bowl, minmay_bent
D:6:      layout_gridville, old_standard_altar, tgw_xom, serial_shops, shop,
          chequers_ossuary_entry_cave, uniq_eustachio, uniq_prince_ribbit1
D:7:      layout_rooms, nicolae_qazlal_eye_of_the_storm,
          gammafunk_ghost_nasty_kobolds
D:8:      layout_rooms, makhleb_blood_cavern_becter, dpeg_oklobed_lair,
          david_nohive_1, tgw_sif
D:9:      layout_basic, lemuel_coloured_pillars_altar

Skill      XL: |  1  2  3  4  5  6  7  8  9 10 |
---------------+-------------------------------+-----
Dodging        | 3 4 6 |  6.2
Polearms       | 5 6 8 9 11 12 | 12.3
Fighting       | 4 5 6 7 9 |  9.8
Armour         | 2 |  2.9
Evocations     | 2 3 5 7 |  7.3

Action                   |  1- 3 |  4- 6 |  7- 9 | 10-12 || total
-------------------------+-------+-------+-------+-------++-------
Melee: Spear             |    96 |   187 |   350 |       ||   633
       Trident           |       |       |   230 |    66 ||   296
       Headbutt          |       |       |    59 |     7 ||    66
Throw: Dart              |       |       |     2 |       ||     2
Invok: Berserk           |     4 |     2 |     9 |     3 ||    18
       Trog's Hand       |       |       |     2 |       ||     2
Evoke: Wand              |       |     1 |     7 |     2 ||    10
  Use: Scroll            |     2 |       |    16 |     5 ||    23
       Potion            |       |     2 |     5 |     1 ||     8
 Stab: Sleeping          |     1 |     1 |       |       ||     2
       Paralysed         |       |       |     6 |       ||     6
       Distracted        |       |       |     1 |       ||     1
  Eat: Chunk             |     4 |     7 |    12 |     4 ||    27
       Ration            |       |       |     2 |       ||     2
Armor: Ring mail         |    15 |    49 |   128 |    14 ||   206
       Skin              |       |    36 |     4 |       ||    40
Dodge: Dodged            |    44 |    99 |   246 |    18 ||   407
